 Dungeon Crawl Stone Soup version 0.31-a0-229-g1fc7ce93e2 (webtiles) character file.

Game seed: 4591162050805261697

21 qw the Shooter (level 2, -4/24 HPs)
             Began as a Minotaur Hexslinger on July 6, 2023.
             Slain by a sleepcap (10 damage)
             ... on level 4 of the Dungeon.
             The game lasted 00:00:18 (697 turns).

qw the Shooter (Minotaur Hexslinger)                 Turns: 697, Time: 00:00:18

Health: -4/24      AC:  4    Str: 12    XL:     2   Next: 65%
Magic:  2/2        EV:  2    Int: 10    God:
Gold:   49         SH:  0    Dex: 18    Spells: 2/3 levels left

rFire   . . .        Y - +2 sling
rCold   . . .        (no shield)
rNeg    . . .        d - +1 robe {Will+}
rPois   .            (helmet restricted)
rElec   .            (no cloak)
rCorr   .            k - +0 pair of gloves
SInv    .            (no boots)
Will    +....        (no amulet)
Stlth   ++           l - +6 ring of dexterity
HPRegen 0.24/turn    (no ring)
MPRegen 0.08/turn

%: no passive effects
@: sleeping
A: horns 2, retaliatory headbutt
a: no special abilities


You were on level 4 of the Dungeon.
You visited 1 branch of the dungeon, and saw 3 of its levels.

You collected 77 gold pieces.
You spent 28 gold pieces at shops.


Innate Abilities, Weirdness & Mutations

You have a pair of horns on your head.
You reflexively headbutt those who attack you in melee.


   Skills:
 - Level 2.0 Fighting
 + Level 3.2 Ranged Weapons
 - Level 2.1 Dodging
 - Level 1.0 Spellcasting
 - Level 2.0 Hexes


You had 2 spell levels left.
You knew the following spells:

 Your Spells              Type           Power      Damage    Failure   Level
a - Slow                  Hex            16%        N/A       16%         1

Your spell library contained the following spells:

 Spells                   Type           Power      Damage    Failure   Level
 Inner Flame              Hex/Fire       2%         N/A       56%         3
 Portal Projectile        Hex/Tloc       4%         N/A       56%         3
 Cause Fear               Hex            2%         N/A       83%         4

Inventory:

Hand Weapons
 Y - a +2 sling (weapon)
Armour
 b - a +0 pair of gloves of infusion
 d - a +1 robe of willpower (worn)
 g - a +0 ring mail
 k - a +0 pair of gloves (worn)
Jewellery
 l - a +6 ring of dexterity (left hand)
Scrolls
 a - a scroll of fear {unknown}
 i - 2 scrolls of identify
Potions
 h - a potion of enlightenment {unknown}
 j - a potion of attraction {unknown}
 m - a potion of heal wounds {unknown}

Dungeon Overview and Level Annotations

Branches:
Dungeon (4/15)
 Temple: D:4-7

Altars:

Shops:
D:2 ?


Message History

The orc is almost dead.
The orc throws a boomerang.
The boomerang barely misses you.
You shoot a sling bullet.
The sling bullet closely misses the orc.
The sling bullet barely misses the orc.
You shoot a sling bullet.
The sling bullet hits the orc but does no damage.
The orc is severely wounded.
You shoot a sling bullet. The sling bullet hits the orc!
You kill the orc!
You shoot a sling bullet.
The sling bullet hits the orc but does no damage.
The orc is severely wounded.
The orc throws a boomerang.
The boomerang hits you.
You shoot a sling bullet.
The sling bullet closely misses the orc.
The orc shouts!
The sling bullet hits the sleepcap but does no damage.
You shoot a sling bullet. The sling bullet hits the orc.
The orc is almost dead.
The orc throws a boomerang.
The boomerang closely misses you.
You shoot a sling bullet. The sling bullet hits the orc!
You kill the orc!
You shoot a sling bullet.
The sling bullet hits the sleepcap but does no damage.
The sleepcap barely misses you.
You shoot a sling bullet. The sling bullet hits the sleepcap.
The sleepcap is lightly damaged.
The sleepcap releases spores at you.
You shoot a sling bullet.
The sling bullet completely misses the sleepcap.
The sling bullet barely misses the orc.
The sleepcap releases spores at you!
You shoot a sling bullet. The sling bullet hits the sleepcap!
The sleepcap is moderately damaged.
The sleepcap barely misses you. The sleepcap releases spores at you!
You are engulfed in a cloud of soporific spores!
You fall asleep.
The sleepcap releases spores at you!
You die...

#.####.#....##
#......#####
#..........#
##..)..###.#
##...## #.#
##.## #.#
#.#####.###
#.........#
#######@#.#
#f#.# #o#.#
#)#.# ..#.#
..... ..#..
.$.#


You could see a sleepcap and an orc.

Vanquished Creatures
  2 orcs (D:4)
  2 bats (D:1)
  2 goblins (D:1)
  2 hobgoblins
  2 quokkas (D:1)
  4 ball pythons (D:1)
  2 frilled lizards (D:1)
  A kobold (D:1)
  3 rats (D:1)
20 creatures vanquished.

Notes
Turn   | Place    | Note
-------+----------+-------------------------------------------
     0 | D:1      | qw the Minotaur Hexslinger began the quest for the Orb.
     0 | D:1      | Reached XP level 1. HP: 16/16 MP: 1/1
     0 | D:1      | 0 ||| qw: Version: 0.3-a-46-gb1f654a
     0 | D:1      | 0 ||| qw: Game counter: 1693
     0 | D:1      | 0 ||| qw: Melee chars always use a shield: true
     0 | D:1      | 0 ||| qw: God list: Okawaru
     0 | D:1      | 0 ||| qw: Allow faded altars: false
     0 | D:1      | 0 ||| qw: Do Orc after clearing Dungeon:15 true
     0 | D:1      | 0 ||| qw: Do second Lair branch before Depths: true
     0 | D:1      | 0 ||| qw: Lair rune preference: random
     0 | D:1      | 0 ||| qw: Goals: Normal
     0 | D:1      | 0 ||| PLANNING D:1-11
   194 | D:1      | Reached skill level 3 in Ranged Weapons
   211 | D:1      | Reached XP level 2. HP: 23/23 MP: 2/2
   554 | D:1      | 554 ||| UPGRADING to +1 robe of willpower.
   564 | D:1      | 564 ||| DROPPING +0 robe.
   565 | D:1      | 565 ||| UPGRADING to +0 pair of gloves.
   570 | D:1      | 570 ||| UPGRADING to +6 ring of dexterity.
   571 | D:1      | 571 ||| READING scroll labelled BURUOCS ZAVO.
   572 | D:1      | 572 ||| READING 3 scrolls labelled FAHONL IZXYA.
   573 | D:1      | 573 ||| READING 2 scrolls of identify.
   573 | D:1      | 573 ||| IDENTIFYING ruby potion
   574 | D:1      | 574 ||| DROPPING scroll of poison.
   575 | D:1      | 575 ||| DROPPING potion of lignification.
   601 | D:2      | Found Sijaboa's Magic Scroll Boutique.
   609 | D:2      | 609 ||| SHOPLISTING scroll of enchant armour (105 gold,
                  | have 59).
   609 | D:2      | 609 ||| BUYING scroll of identify (28 gold).
   609 | D:2      | Bought a scroll of identify for 28 gold pieces
   609 | D:2      | 609 ||| SHOPLISTING scroll of teleportation (42 gold, have
                  | 31).
   655 | D:2      | You fall into a shaft and drop 2 floors!
   696 | D:4      | HP: 6/24 [sleepcap (7)]
   697 | D:4      | Slain by a sleepcap

Levels and vault maps discovered:
D:1:      saegor_arrival_simple_a, layout_rooms, serial_rivers,
          chequers_serial_rivers_small_a, chequers_serial_rivers_micro_c,
          chequers_serial_rivers_room_a, chequers_serial_rivers_room_a,
          chequers_serial_rivers_micro_d
D:2:      layout_basic, serial_shops, shop, basic_altar,
          kennysheep_jessica_study
D:4:      layout_loops_ring, serial_shops, nicolae_square_shop

Skill      XL: |  1  2 |
---------------+-------+-----
Ranged Weapons | 3 |  3.2
Fighting       | 2 |  2.0
Dodging        | |  2.1
Spellcasting   | |  1.0
Hexes          | |  2.0

Action                     || total
---------------------------++-------
   Fire: Sling             ||    60
    Use: Scroll            ||     3
 Armour: Robe              ||     1
  Dodge: Dodged            ||    17

Table legend:
 A = Non-vault XP
 B = Vault XP
 C = Vault XP percentage of total XP
 D = Non-vault monster count
 E = Vault monster count
 F = Vault count percentage of total count
                 A         B        C        D         E       F
            +---------+---------+-------+---------+---------+-------
      Total |      31 |       0 |   0.0 |      20 |       0 |   0.0
            +---------+---------+-------+---------+---------+-------
        D:1 |      23 |       0 |   0.0 |      17 |       0 |   0.0
        D:4 |       8 |       0 |   0.0 |       3 |       0 |   0.0
            +---------+---------+-------+---------+---------+-------
